 Dungeon Crawl Stone Soup version 0.30-a0-297-g0ec75d9ef4 (webtiles) character file.

Game seed: 8959884907477248050

1089 lunkers the Slicer (level 8, -3/70 HPs)
             Began as a Meteoran Fighter on Oct 18, 2022.
             Killed from afar by an orc wizard (11 damage)
             ... with a magic dart
             ... on level 6 of the Dungeon.
             The game lasted 00:04:20 (2835 turns).

lunkers the Slicer (Meteoran Fighter)               Turns: 2835, Time: 00:04:21

Health: -3/70      AC: 10    Str: 18    XL:     8   Next: 86%
Magic:  9/9        EV: 11    Int: 10    God:
Gold:   413        SH:  5    Dex: 15    Spells: 7/7 levels left

rFire   . . .      SeeInvis .    a - +1 short sword (holy)
rCold   . . .      Faith    .    c - +0 buckler
rNeg    . . .      Spirit   .    n - +0 scale mail
rPois   .          Reflect  .    (no helmet)
rElec   .          Harm     .    (no cloak)
rCorr   .          Rampage  .    (no gloves)
Will    ++...                    z - +2 pair of boots
Stlth   ..........               (no amulet)
HPRegen 0.31/turn                e - ring of willpower
MPRegen 0.11/turn                j - ring of flight

@: lethally poisoned (-3 -> -4), flying, glowing
A: sense surroundings 1, otherworldly, glowing, explore regen
a: no special abilities


You were on level 6 of the Dungeon.
You visited 1 branch of the dungeon, and saw 6 of its levels.
You also visited: Ossuary.

You collected 413 gold pieces.

Inventory:

Hand Weapons
 a - a +1 short sword of holy wrath (weapon)
 b - a +0 dagger of venom
 y - a +0 rapier
Armour
 c - a +0 buckler (worn)
 n - a +0 scale mail (worn)
 z - a +2 pair of boots (worn)
 C - a +0 kite shield
Jewellery
 e - a ring of willpower (left hand)
 j - a ring of flight (right hand)
 m - a ring of positive energy
 u - a ring of ice
Scrolls
 h - a scroll of noise {unknown}
 i - a scroll of enchant armour {unknown}
 l - 4 scrolls of teleportation {unknown}
 o - 2 scrolls of blinking {unknown}
 q - 3 scrolls of magic mapping {unknown}
 r - a scroll of torment {unknown}
 s - a scroll of poison {unknown}
 v - a scroll of acquirement {unknown}
 w - 2 scrolls of amnesia {unknown}
 B - a scroll of vulnerability {unknown}
 F - 2 scrolls of identify
Potions
 d - 2 potions of might
 f - 2 potions of brilliance
 g - a potion of invisibility
 k - a potion of attraction
 p - 3 potions of flight
 t - 2 potions of resistance
 x - a potion of berserk rage {unknown}
 A - 2 potions of heal wounds
 D - 3 potions of curing {unknown}
 E - 2 potions of mutation {unknown}


   Skills:
 + Level 5.9 Fighting
 - Level 8.0 Short Blades
 - Level 3.6 Armour
 + Level 5.2 Dodging
 - Level 3.6 Shields


You had 7 spell levels left.
You didn't know any spells.
Your spell library contained the following spells:

 Spells                   Type           Power      Damage    Failure   Level
 Magic Dart               Conj           0%         1d3       83%         1
 Call Imp                 Summ           0%         N/A       93%         2
 Mephitic Cloud           Conj/Pois/Air  0%         N/A       99%         3


Dungeon Overview and Level Annotations

Branches:
Dungeon (6/15) Zot: 1187  Ossuary (visited)
 Temple: D:4-7

Altars:
Cheibriados
Dithmenos
Elyvilon
Sif Muna
The Shining One


Innate Abilities, Weirdness & Mutations

You passively map a small area around you.
You are easily found by Zot.
You glow in the dark.
You regain HP and MP as you explore.


Message History

You feel very sick. You block the water moccasin's attack.
You hit the water moccasin.
The water moccasin is almost dead.
You feel sick.
You hit the water moccasin.
You kill the water moccasin!
You feel sick.
Your Dodging skill increases to level 5!
You feel very sick. The orc hits you with a +0 club.
* * * LOW HITPOINT WARNING * * *
Something hits you but does no damage. The orc wizard barely misses you.
You see here a water moccasin corpse.
You hit something.
You feel sick. You block the orc's attack. Something hits you.
* * * LOW HITPOINT WARNING * * *
The orc wizard hits you with a +0 dagger.
* * * LOW HITPOINT WARNING * * *
You closely miss something.
You feel sick. The orc hits you but does no damage.
The orc wizard hits you but does no damage.
Something hits you but does no damage. The orc attacks as you move away!
The orc hits you but does no damage.
The orc wizard attacks as you move away!
The orc wizard closely misses you.
You feel sick.
You hit the orc.
The orc is heavily wounded.
You feel sick.
You hit the orc.
The orc is severely wounded.
You feel sick.
You hit the orc wizard but do no damage.
You hit the orc wizard but do no damage.
You feel sick.
You hit the orc wizard.
The orc wizard is lightly wounded.
You feel sick. The orc wizard casts a spell at you. The magic dart hits you!
You die...

.#.#####..# #.#* * *
, .#..>.....# #.#
..........# #.# *,
#####.##### #.# * #
#.# #.# #.# , ,#.#
###.### ,...# ** #.#
#..(..# ##....#
#.#####.###.##o......
#.......# #.@o{......
,#######.#
#.##....... ** , *
#.....#*##...## ,,
###.### , .... , , ,
#.# * * ,!#. # # *,
#, * , * , * ,


You could see an orc wizard and an orc.

Vanquished Creatures
  A steam dragon (D:6)
  A water moccasin (D:6)
  An orc warrior (D:6)
  An ice beast (D:6)
  A kobold brigand (D:6)
  A necrophage (D:4)
  2 elf zombies (Ossuary)
  A crimson imp (D:3)
  An orc priest (D:6)
  2 hounds
  2 human zombies (Ossuary)
  An orc wizard (D:6)
  3 mummies
  7 adders
  2 worms
  12 orcs
  2 ball pythons (D:1)
  2 bats
  5 endoplasms
  4 giant cockroaches
  2 goblins (D:3)
  4 hobgoblins
  4 jackals (D:4)
  2 quokkas
  2 frilled lizards
  2 goblin skeletons (D:3)
  A goblin zombie (Ossuary)
  17 hobgoblin zombies
  11 kobolds
  2 kobold skeletons (D:3)
  12 kobold zombies
  An orc skeleton (D:3)
  9 orc zombies
  4 rats
  A rat zombie (Ossuary)
126 creatures vanquished.

Vanquished Creatures (others)
  5 plants (D:3)
5 creatures vanquished.

Grand Total: 131 creatures vanquished

Notes
Turn   | Place    | Note
-------+----------+-------------------------------------------
     0 | D:1      | lunkers the Meteoran Fighter began the quest for the Orb.
     0 | D:1      | Reached XP level 1. HP: 19/19 MP: 2/2
    75 | D:1      | Reached XP level 2. HP: 26/26 MP: 3/3
   123 | D:1      | Reached skill level 3 in Short Blades
   502 | D:2      | Reached XP level 3. HP: 31/31 MP: 4/4
   740 | D:3      | Reached skill level 4 in Short Blades
   786 | D:3      | Found a glowing golden altar of the Shining One.
   807 | D:3      | Reached XP level 4. HP: 23/38 MP: 5/5
   861 | D:3      | Reached skill level 5 in Short Blades
   967 | D:3      | Reached XP level 5. HP: 44/45 MP: 6/6
  1045 | D:3      | Found a large runed translucent door.
  1052 | D:3      | Found a large runed translucent door.
  1115 | D:3      | Found a white marble altar of Elyvilon.
  1130 | D:3      | Found a shimmering blue altar of Sif Muna.
  1518 | D:4      | Noticed a necrophage
  1562 | D:4      | Killed a necrophage
  1563 | D:4      | Reached skill level 6 in Short Blades
  1563 | D:4      | Reached XP level 6. HP: 38/51 MP: 7/7
  1818 | D:5      | Entered Level 5 of the Dungeon
  2077 | D:5      | Found a shadowy altar of Dithmenos.
  2084 | D:5      | Reached skill level 7 in Short Blades
  2131 | D:5      | Found a snail-covered altar of Cheibriados.
  2255 | D:6      | Reached XP level 7. HP: 50/57 MP: 8/8
  2311 | D:6      | Found a sand-covered staircase.
  2329 | Ossuary  | Entered an ossuary
  2474 | Ossuary  | Reached skill level 8 in Short Blades
  2490 | Ossuary  | Reached skill level 1 in Dodging
  2553 | Ossuary  | Reached XP level 8. HP: 42/66 MP: 9/9
  2655 | D:6      | Noticed a steam dragon
  2693 | D:6      | Killed a steam dragon
  2694 | D:6      | Reached skill level 5 in Fighting
  2827 | D:6      | Reached skill level 5 in Dodging
  2835 | D:6      | Killed from afar by an orc wizard

Illustrated notes

Levels and vault maps discovered:
D:1:      scummos_arrival_forest, layout_rooms
D:2:      layout_loops_corners, minmay_misc_feat_x, minmay_snake_closets
D:3:      layout_basic, nicolae_tso_besieged_by_evil, jmf_multi_god_temple2,
          serial_forest, infiniplex_forest_clump_long,
          infiniplex_forest_corner_2, infiniplex_forest_clump_curved,
          infiniplex_forest_clump_cross, infiniplex_forest_lined_3,
          infiniplex_forest_clump_diagonal, infiniplex_forest_clump_double
D:4:      layout_rooms, lightli_corner_chamber
D:5:      layout_rooms, nicolae_dithmenos_through_a_glass_darkly,
          chei_slow_surprise, temple_statues, minivault_27,
          minmay_misc_feat_tiny
D:6:      layout_loops_ring, gup_ossuary_entry_pyramid, minmay_ruined_shrine,
          uniq_duvessa

Skill      XL: |  1  2  3  4  5  6  7  8 |
---------------+-------------------------+-----
Short Blades   | 3 4 5 6 7 8 |  8.0
Dodging        | 2 5 |  5.2
Fighting       | 4 5 |  5.9
Armour         | |  3.6
Shields        | |  3.6

Action                   |  1- 3 |  4- 6 |  7- 9 || total
-------------------------+-------+-------+-------++-------
Melee: Rapier            |    20 |       |       ||    20
       Dagger            |    71 |   243 |   116 ||   430
       Short sword       |       |       |   193 ||   193
  Use: Scroll            |       |     6 |       ||     6
       Potion            |       |       |     1 ||     1
Armor: Scale mail        |    45 |    79 |    96 ||   220
Dodge: Dodged            |    26 |    57 |    73 ||   156
Block: Buckler           |    16 |    47 |    32 ||    95

Table legend: (Time is in decaauts)
 A = Elapsed time spent in this place.
 B = Non-inter-level travel time spent in this place.
 C = Inter-level travel time spent in this place.
 D = Time resting spent in this place.
 E = Time spent auto-exploring this place.
 F = Levels seen in this place.
 G = Mean time per level.
                   A        B        C        D        E       F      G
               +--------+--------+--------+--------+--------+-----+--------+
         Total |   2648 |   2515 |    133 |      0 |   1673 |   7 |  378.3 |
       Dungeon |   2411 |   2278 |    133 |      0 |   1581 |   6 |  401.8 |
       Ossuary |    236 |    236 |      0 |      0 |     92 |   1 |  236.0 |
               +--------+--------+--------+--------+--------+-----+--------+

Top non-repeatable levels by time:
     D:3: 725 daAuts
     D:4: 420 daAuts
     D:5: 394 daAuts
     D:2: 383 daAuts
     D:6: 249 daAuts
     D:1: 238 daAuts
 Ossuary: 236 daAuts
